 Dungeon Crawl Stone Soup version 0.27.1 (webtiles) character file.

Game seed: 4643055620186074542

25 Destapler the Insei (level 2, -5/23 HPs)
             Began as a Demigod Transmuter on Aug 29, 2021.
             Slain by Terence (7 damage)
             ... on level 2 of the Dungeon.
             The game lasted 00:02:43 (1646 turns).

Destapler the Insei (Demigod Transmuter)            Turns: 1646, Time: 00:02:44

Health: -5/23      AC:  6    Str: 11    XL:     2   Next: 63%
Magic:  5/7        EV: 12    Int: 15    God:
Gold:   17         SH:  0    Dex: 14    Spells: 2/5 levels left

rFire    . . .     SeeInvis .     - Unarmed
rCold    . . .     Faith    .   (no shield)
rNeg     . . .     Spirit   .   a - +0 robe
rPois    .         Reflect  .   (helmet currently unavailable)
rElec    .         Harm     .   (no cloak)
rCorr    .         Rampage  .   (no gloves)
Will     .....                  (boots currently unavailable)
Stlth    +.........             (no amulet)
HPRegen  0.07/turn              g - +4 ring of protection
MPRegen  0.10/turn              (no ring)

@: appendages (expiring), wereblooded (expiring), flying, hasted, very quick
A: horns 2, talons 2, high mp 1, forlorn
a: End Transformation


You were on level 2 of the Dungeon.
You had temporarily grown beastly horns and talons.
You visited 1 branch of the dungeon, and saw 2 of its levels.

You collected 17 gold pieces.

Inventory:

Armour
 a - a +0 robe (worn)
Jewellery
 g - a +4 ring of protection (left hand)
Scrolls
 d - a scroll of magic mapping {unknown}
 e - a scroll of noise {unknown}
 f - a scroll of enchant armour {unknown}


   Skills:
 + Level 1.3 Fighting
 + Level 2.1 Dodging
 + Level 2.9 Unarmed Combat
 + Level 2.0 Spellcasting
 + Level 2.1 Transmutations


You had 2 spell levels left.
You knew the following spells:

 Your Spells              Type           Power      Damage    Failure   Level
a - Beastly Appendage     Tmut           14%        N/A       10%         1
b - Wereblood             Tmut           7%         N/A       14%         2

Your spell library contained the following spells:

 Spells                   Type           Power      Damage    Failure   Level
 Spider Form              Tmut/Pois      2%         N/A       41%         3
 Ice Form                 Ice/Tmut       4%         N/A       82%         4


Dungeon Overview and Level Annotations

Branches:
Dungeon (2/15)

Annotations:
D:2 Terence


Innate Abilities, Weirdness & Mutations

You have temporarily grown beastly horns and talons.
Your attributes grow dramatically as you level up.
You have an increased reservoir of magic. (+10% MP)
You shall have no god before yourself.


Message History

Terence is heavily wounded.
Terence barely misses you.
You hit Terence but do no damage. You claw Terence, but do no damage.
Your headbutt misses Terence.
Terence is heavily wounded.
Terence says, "Don't bother to defend, it's senseless."
Terence hits you with a +0 flail.
* * * LOW HITPOINT WARNING * * *
You hit Terence.
Terence is heavily wounded.
Your transformation is almost over.
Terence hits you with a +0 flail.
* * * LOW HITPOINT WARNING * * *
You hit Terence but do no damage.
Terence is heavily wounded.
Terence closely misses you.
You hit Terence but do no damage.
Terence is heavily wounded.
Terence barely misses you.
You barely miss Terence. Your kick misses Terence.
Terence is heavily wounded.
Terence hits you but does no damage.
You hit Terence but do no damage. Your headbutt misses Terence.
Terence is heavily wounded.
You howl as the wereblood boils in your veins!
Terence closely misses you.
You hit Terence but do no damage.
Terence is heavily wounded.
Terence hits you with a +0 flail.
* * * LOW HITPOINT WARNING * * *
It was a potion of flight.
You feel very buoyant.
You fly up into the air.
Terence completely misses you.
It was a potion of haste.
You feel yourself speed up. Terence barely misses you.
You barely miss Terence.
Terence is heavily wounded.
Your primal bloodlust is almost over.
Terence hits you with a +0 flail!
You die...

#.##...#.##.........#
....)......+....<....+
##.##...#.##.........#
#........###.......##
#####....# ##.....##
#.#### ##...## #.#
##+## ##.## #.@@#
#...†.# #.......#
#.......$. #.<.....###
##.....## ##...##
#####


You could see Terence.

Vanquished Creatures
  A dart slug (D:1)
  2 endoplasms (D:1)
  A giant cockroach (D:1)
  2 goblins (D:1)
  4 quokkas
  3 ball pythons
  A bat (D:1)
  3 kobolds
  4 rats (D:1)
21 creatures vanquished.

Notes
Turn   | Place    | Note
-------+----------+-------------------------------------------
     0 | D:1      | Destapler the Demigod Transmuter began the quest for the
                  | Orb.
     0 | D:1      | Reached XP level 1. HP: 15/15 MP: 5/5
   128 | D:1      | Reached skill level 1 in Fighting
   662 | D:1      | Reached XP level 2. HP: 21/23 MP: 5/7
  1426 | D:2      | Learned a level 2 spell: Wereblood
  1628 | D:2      | Noticed Terence
  1646 | D:2      | Slain by Terence

Illustrated notes

Levels and vault maps discovered:
D:1:      dpeg_arrival_another_circle, layout_loops_ring,
          ebering_ecumenical_altar_hall
D:2:      layout_loops_corners, uniq_crazy_yiuf_cottage, uniq_terence

Skill      XL: |  1  2 |
---------------+-------+-----
Fighting       | 1 |  1.3
Transmutations | 2 |  2.1
Dodging        | 2 |  2.1
Spellcasting   | 2 |  2.0
Unarmed Combat | |  2.9

Action                   || total
-------------------------++-------
Melee: Unarmed           ||    59
       Headbutt          ||    11
       Kick              ||    12
 Cast: Beastly Appendage ||    17
       Wereblood         ||     1
  Use: Potion            ||     2
 Stab: Sleeping          ||     1
Armor: Robe              ||     5
Dodge: Dodged            ||    31
